 Dungeon Crawl Stone Soup version 0.28.0-53-g5a82cb258f (webtiles) character file.

Game seed: 5830286357897627992

92 styxcanada the Sneak (level 4, -7/23 HPs)
             Began as a Spriggan Brigand on Aug 16, 2022.
             Mangled by a gnoll
             ... wielding a +0 halberd
              (16 damage)
             ... on level 3 of the Dungeon on Aug 17, 2022.
             The game lasted 00:07:43 (3151 turns).

styxcanada the Sneak (Spriggan Brigand)             Turns: 3151, Time: 00:07:43

Health: -7/23      AC:  3    Str:  7      XL:     4   Next: 35%
Magic:  5/5        EV: 17    Int: 10 (12) God:
Gold:   99         SH:  0    Dex: 17 (18) Spells: 3/3 levels left

rFire   . . .      SeeInvis +   i - +1 short sword (venom)
rCold   + . .      Faith    .   (no shield)
rNeg    . . .      Spirit   .   b - +0 robe
rPois   .          Reflect  .   (helmet restricted)
rElec   .          Harm     .   c - +0 cloak
rCorr   .          Rampage  .   (gloves unavailable)
Will    .....                   (boots unavailable)
Stlth   ++++......              (no amulet)
HPRegen 0.07/turn               h - ring of protection from cold
MPRegen 0.09/turn               (no ring)

@: very quick
A: very small, no large weapons, unfitting armour, see invisible, speed 3
a: no special abilities


You were on level 3 of the Dungeon.
You visited 1 branch of the dungeon, and saw 3 of its levels.

You collected 99 gold pieces.

Inventory:

Hand Weapons
 a - a +2 dagger
 i - a +1 short sword of venom (weapon)
Missiles
 d - 10 poisoned darts (quivered)
 e - 2 curare-tipped darts
 j - 3 stones
Armour
 b - a +0 robe (worn)
 c - a +0 cloak (worn)
Jewellery
 h - a ring of protection from cold (left hand)
Scrolls
 f - 3 scrolls of identify {unknown}
 k - a scroll of magic mapping {unknown}
 o - a scroll of silence {unknown}
Potions
 l - a potion of curing {unknown}
 m - a potion of flight {unknown}
 n - a potion of mutation {unknown}


   Skills:
 * Level 2.2 Fighting
 + Level 2.5 Short Blades
 + Level 2.2 Throwing
 * Level 2.2 Dodging
 * Level 7.6 Stealth


You had 3 spell levels left.
You didn't know any spells.
Your spell library contained the following spells:

 Spells                   Type           Power      Damage    Failure   Level
 Blink                    Tloc           0%         N/A       50%         2
 Manifold Assault         Tloc           0%         N/A       100%        5
 Storm Form               Tmut/Air       0%         N/A       100%        7


Dungeon Overview and Level Annotations

Branches:
Dungeon (3/15)

Altars:

Shops:
D:3 [

Annotations:
D:3 Ijyb


Innate Abilities, Weirdness & Mutations

You are very small and have problems with some larger weapons.
You are too small for most types of armour.
You have supernaturally acute eyesight. (SInv)
You cover ground extremely quickly. (Speed+++)


Message History

You throw a poisoned dart.
The poisoned dart barely misses the gnoll.
The poisoned dart closely misses Ijyb.
The poisoned dart hits the gnoll.
Throw: 12 darts (poison)
Press: ? - help, Q - select action, (/) - cycle Shift-Dir - straight line, f/p - gnoll
Aim: a gnoll, wielding a +0 whip (severely wounded, very poisoned, 65% to hit)
You throw a poisoned dart.
The poisoned dart closely misses the gnoll.
The poisoned dart barely misses Ijyb.
The poisoned dart hits the gnoll.
You kill the gnoll!
Ijyb zaps a wand.
Your will is overpowered!
You are confused.
You feel your strength returning.
Non-targeted confused throw: 11 darts (poison)
Press: ? - help, Q - select action, (/) - cycle Dir - look around, f - activate You throw a poisoned dart.
Ijyb screams, "No!
No, no, no, no!"
Unknown command.
You bump into the rock wall.
The ball python misses you. The ball python barely misses you.
The ball python misses you. The ball python barely misses you.
You see here a poisoned dart.
You bump into the rock wall.
The ball python completely misses you. The ball python grabs you.
The ball python constricts you.
You bump into the rock wall.
You feel less confused. The ball python barely misses you.
The ball python constricts you. The goblin hits you with a +0 dagger.
You escape the ball python's grasp.
There are monsters nearby!
The ball python closely misses you. x2
You hit the ball python.
You kill the ball python!
You hit the goblin.
You kill the goblin!
You closely miss Ijyb. You closely miss Ijyb. Ijyb misses you.
The gnoll hits you from afar with a +0 halberd!
Ouch! That really hurt!
You die...

.#+#..$....≈≈≈.#
##.#..........[# ########
.............## #......#
.........)...# #.####.#
..........g.g##### #.#
#.# .....>......gg..g#
#.# #.####
.............(##g######.#
#...<#
........#####.##g##.....#
###### ......#.#
#.##@##.##### .......
..##.##.### ......
####..†...# .# #......#.#
#.####...# #.####.###
##......### ..........#
..........#


You could see Ijyb and 2 gnolls.

Vanquished Creatures
  A gnoll (D:3)
  2 adders (D:2)
  5 dart slugs
  3 bats
  6 endoplasms
  2 giant cockroaches (D:1)
  5 goblins
  4 hobgoblins (D:1)
  5 jackals (D:1)
  8 ball pythons
  A frilled lizard (D:2)
  2 kobolds (D:1)
  8 rats
52 creatures vanquished.

Notes
Turn   | Place    | Note
-------+----------+-------------------------------------------
     0 | D:1      | styxcanada the Spriggan Brigand began the quest for the
                  | Orb.
     0 | D:1      | Reached XP level 1. HP: 10/10 MP: 2/2
    81 | D:1      | Reached skill level 6 in Stealth
   274 | D:1      | Reached XP level 2. HP: 4/14 MP: 3/3
  1094 | D:1      | Reached skill level 7 in Stealth
  1103 | D:1      | Found a faded altar of an unknown god.
  1185 | D:1      | Reached XP level 3. HP: 18/18 MP: 4/4
  2680 | D:2      | Reached XP level 4. HP: 2/23 MP: 5/5
  3108 | D:3      | Found Woudotyu's Antique Armour Shoppe.
  3118 | D:3      | Noticed Ijyb
  3151 | D:3      | Mangled by a gnoll

Illustrated notes

Levels and vault maps discovered:
D:1:      elethiomel_arrival_infinity_welcomes_careful_drivers, layout_basic,
          hellmonk_ecumenical_altar_inner_sanctum, minivault_23,
          grunt_decor_cap, minmay_surrounded
D:2:      layout_basic, minmay_octomino_e4
D:3:      layout_basic, ashenzari_altar_1, serial_shops,
          nicolae_shop_waterfront, uniq_ijyb

Skill      XL: |  1  2  3 |
---------------+----------+-----
Stealth        | 6 7 |  7.6
Dodging        | 2 |  2.2
Fighting       | 2 |  2.2
Short Blades   | |  2.5
Throwing       | |  2.2

Action                   |  1- 3 |  4- 6 || total
-------------------------+-------+-------++-------
Melee: Dagger            |    59 |       ||    59
       Short sword       |    57 |    12 ||    69
Throw: Dart              |    16 |     3 ||    19
  Use: Potion            |     1 |       ||     1
 Stab: Sleeping          |    10 |     2 ||    12
       Distracted        |     1 |       ||     1
Armor: Robe              |    16 |     1 ||    17
Dodge: Dodged            |    73 |    13 ||    86
